 Dungeon Crawl Stone Soup version 0.29.1-1-gd02db6906a (webtiles) character file.

Game seed: 13870822565735788706

714 Doomgape the Digger (level 7, -5/36 HPs)
             Began as a Gargoyle Earth Elementalist on Sept 20, 2022.
             Slain by Pikel
             ... wielding a +1 whip of freezing
              (6 damage)
             ... on level 5 of the Dungeon.
             The game lasted 00:17:28 (5340 turns).

Doomgape the Digger (Gargoyle Earth Elementalist)   Turns: 5340, Time: 00:17:28

Health: -5/36      AC:  7    Str: 11    XL:     7   Next: 69%
Magic:  0/13       EV: 11    Int: 18    God:
Gold:   261        SH:  0    Dex: 10    Spells: 8/14 levels left

rFire   . . .      SeeInvis .   (no weapon)
rCold   . . .      Faith    .   (no shield)
rNeg    + + .      Spirit   .   a - +1 robe
rPois   ∞          Reflect  .   (no helmet)
rElec   +          Harm     +   i - scarf {harm}
rCorr   .          Rampage  .   (no gloves)
Will    .....                   (no boots)
Stlth   ++........              n - amulet of the acrobat
HPRegen 0.12/turn               k - ring of positive energy
MPRegen 0.13/turn               (no ring)

@: no status effects
A: sickness immunity, AC +4, negative energy resistance 1, electricity
resistance, torment resistance 1, petrification resistance
a: no special abilities


You were on level 5 of the Dungeon.
You visited 1 branch of the dungeon, and saw 6 of its levels.

You collected 261 gold pieces.

Inventory:

Armour
 a - a +1 robe (worn)
 i - a scarf of harm (worn)
Magical Staves
 d - a staff of poison
Jewellery
 k - a ring of positive energy (left hand)
 n - an amulet of the acrobat (around neck)
Wands
 h - a wand of flame (14)
Scrolls
 j - 2 scrolls of fear
 o - a scroll of identify
 p - a scroll of amnesia
Potions
 b - 2 potions of magic
 e - a potion of attraction {unknown}
 f - a potion of curing
 g - a potion of cancellation {unknown}
 l - a potion of haste {unknown}
 m - 3 potions of might {unknown}
 q - 2 potions of brilliance {unknown}


   Skills:
 - Level 1.5 Dodging
 - Level 2.1 Stealth
 + Level 4.1 Spellcasting
 - Level 3.4 Transmutations
 + Level 7.8 Earth Magic


You had 8 spell levels left.
You knew the following spells:

 Your Spells              Type           Power      Damage    Failure   Level
a - Sandblast             Erth           64%        2d14      1%          1
b - Passwall              Tmut/Erth      20%        N/A       2%          2
c - Stone Arrow           Conj/Erth      34%        3d9       9%          3

Your spell library contained the following spells:

 Spells                   Type           Power      Damage    Failure   Level
 Wereblood                Tmut           15%        N/A       5%          2
 Magic Dart               Conj           12%        1d3       14%         1
 Summon Small Mammal      Summ           12%        N/A       14%         1
 Petrify                  Tmut/Erth      24%        N/A       14%         4
 Searing Ray              Conj           6%         2d4       22%         2
 Call Canine Familiar     Summ           3%         N/A       41%         3
 Ozocubu's Armour         Ice            3%         N/A       41%         3
 Summon Guardian Golem    Hex/Summ       3%         N/A       41%         3
 Fulminant Prism          Conj/Hex       1%         3d6       82%         4
 Irradiate                Conj/Tmut      4%         3d13      90%         5
 Ozocubu's Refrigeration  Ice            1%         4d7       100%        7
 Summon Hydra             Summ           1%         N/A       100%        7
 Sublimation of Blood     Necr           Unusable   N/A       N/A         2

Dungeon Overview and Level Annotations

Branches:
Dungeon (6/15)
 Temple: D:4-7

Altars:
Nemelex Xobeh
Ru

Shops:
D:1 =   D:4 *

Annotations:
D:5 Pikel


Innate Abilities, Weirdness & Mutations

You are immune to sickness and miasma.
Your stone body is resilient. (AC +4)
You are immune to poison.
You resist negative energy. (rN+)
You are resistant to electric shocks. (rElec)
You are resistant to unholy torment.
You are immune to petrification.


Message History

Casting: Sandblast (safe; 1% risk of failure)
Confirm with . or Enter, or press ? or * to list all spells.
Aiming: Sandblast (safe; 1% risk of failure)
Press: ? - help, Shift-Dir - straight line, f/p - Pikel
Aim: Pikel, wielding a +1 whip of freezing and wearing a +2 robe of fire resistance (almost dead, 80% to hit)
The blast of sand misses Pikel.
The blast of sand hits the lemure!
The lemure is heavily wounded.
Pikel hits you but does no damage. x2
You feel much better.
Pikel hits you with a +1 whip of freezing.
Pikel freezes you.
You see here a quokka corpse.
Casting: Sandblast (safe; 1% risk of failure)
Confirm with . or Enter, or press ? or * to list all spells.
Aiming: Sandblast (safe; 1% risk of failure)
Press: ? - help, Shift-Dir - straight line, f/p - Pikel
Aim: Pikel, wielding a +1 whip of freezing and wearing a +2 robe of fire resistance (almost dead, 80% to hit)
The blast of sand hits Pikel.
Pikel is almost dead.
Pikel hits you with a +1 whip of freezing.
Pikel freezes you. Pikel attacks as you move away!
Pikel hits you with a +1 whip of freezing!
Pikel freezes you.
* * * LOW HITPOINT WARNING * * *
You feel better.
Pikel hits you with a +1 whip of freezing!
* * * LOW HITPOINT WARNING * * *
Pikel freezes you.
* * * LOW HITPOINT WARNING * * *
Casting: Sandblast (safe; 1% risk of failure)
Confirm with . or Enter, or press ? or * to list all spells.
Aiming: Sandblast (safe; 1% risk of failure)
Press: ? - help, Shift-Dir - straight line, f/p - Pikel
Aim: Pikel, wielding a +1 whip of freezing and wearing a +2 robe of fire resistance (almost dead, 80% to hit)
The blast of sand hits Pikel but does no damage.
Pikel is almost dead.
Pikel hits you but does no damage.
Pikel hits you with a +1 whip of freezing.
You die...

#.##.....#.......#.#.#####..
###.##.....#.......#......<..#
#........<..).>##..###.###...#
#.#.##>....................###
#.#........#.####..####.##....
#.########...................#
#.# #.#.#######.#.###....
#.########.#.##### # .. #....
#.......##.#.@K5.# ### #####
#######.##.#####.# . #.##.#
#.# .. #....# #.# .## ##...#
#.# #...# #†# ##### #.# #.#
#'#


You could see Pikel and a lemure.

Vanquished Creatures
  A black bear (D:6)
  2 centaurs (D:6)
  3 lemures (D:5)
  6 hounds
  4 iguanas
  An orc wizard (D:6)
  A gnoll (D:3)
  7 adders
  A white imp (D:6)
  3 dart slugs
  6 orcs
  10 endoplasms
  5 giant cockroaches
  3 goblins
  7 hobgoblins
  7 kobolds
  3 quokkas
  8 ball pythons
  7 bats
  A frilled lizard (D:2)
  8 rats
94 creatures vanquished.

Vanquished Creatures (others)
  23 fungi (D:4)
23 creatures vanquished.

Grand Total: 117 creatures vanquished

Notes
Turn   | Place    | Note
-------+----------+-------------------------------------------
     0 | D:1      | Doomgape the Gargoyle Earth Elementalist began the quest
                  | for the Orb.
     0 | D:1      | Reached XP level 1. HP: 10/10 MP: 3/3
   335 | D:1      | Reached skill level 1 in Transmutations
   668 | D:1      | Reached skill level 4 in Earth Magic
   668 | D:1      | Reached XP level 2. HP: 7/15 MP: 0/5
   990 | D:1      | Found Zecelyosma's Jewellery Emporium.
  1295 | D:2      | Found a faded altar of an unknown god.
  1353 | D:2      | Reached XP level 3. HP: 19/19 MP: 3/6
  1854 | D:2      | Found a sparkling altar of Nemelex Xobeh.
  2505 | D:3      | Reached XP level 4. HP: 24/24 MP: 3/7
  2604 | D:3      | Reached skill level 5 in Earth Magic
  2673 | D:3      | Learned a level 2 spell: Passwall
  2677 | D:3      | Learned a level 3 spell: Stone Arrow
  3270 | D:3      | Reached XP level 5. HP: 28/28 MP: 6/8
  3438 | D:4      | Found Patsocsi's Assorted Antiques.
  3849 | D:4      | You fall into a shaft and drop 2 floors!
  3871 | D:6      | Found a sacrificial altar of Ru.
  3902 | D:6      | Reached skill level 6 in Earth Magic
  3941 | D:6      | Reached XP level 6. HP: 24/32 MP: 3/9
  4055 | D:6      | Noticed a black bear
  4077 | D:6      | Killed a black bear
  4389 | D:6      | Reached skill level 7 in Earth Magic
  4389 | D:6      | Reached XP level 7. HP: 26/36 MP: 1/12
  4549 | D:5      | Entered Level 5 of the Dungeon
  5261 | D:5      | Noticed Pikel
  5337 | D:5      | HP: 1/36 [Pikel/+1 whip of freezing (2)]
  5340 | D:5      | Slain by Pikel

Illustrated notes

Levels and vault maps discovered:
D:1:      co_arrival_square_in_a_square_in_a_square, layout_basic, serial_shops,
          shop_fountains, minmay_misc_feat_hallway, minmay_misc_feat_tower,
          minmay_misc_feat_five
D:2:      layout_loops_corners, hellmonk_ecumenical_altar_zigzags, basic_altar
D:3:      minmay_spotlight, layout_basic
D:4:      layout_basic, serial_aquarium, aquarium_bridge_long_separate
          [aquarium_subvault_bridge, aquarium_subvault_balcony,
          aquarium_subvault_wall, aquarium_subvault_window,
          aquarium_subvault_bridge, aquarium_subvault_balcony],
          aquarium_window_1, aquarium_window_1, aquarium_window_fake,
          aquarium_window_fake, aquarium_view_2d, aquarium_view_2d,
          aquarium_balcony_3a, aquarium_pool_four, serial_shops,
          nicolae_stop_n_shop_2
D:5:      layout_basic, lemuel_doored_altar, minmay_temple_entry_stoned_glass,
          moated_statue, hangedman_abyss_or_decor_stabs,
          minmay_fractal_squares_gapless_5, uniq_duvessa, uniq_pikel
D:6:      layout_cave_pods, mainiacjoe_overflow_tiny_flanked,
          kennysheep_generic_room_12

Skill      XL: |  1  2  3  4  5  6  7 |
---------------+----------------------+-----
Transmutations | 1 2 3 |  3.4
Earth Magic    | 4 5 6 7 |  7.8
Spellcasting   | 3 4 |  4.1
Dodging        | |  1.5
Stealth        | |  2.1

Action                   |  1- 3 |  4- 6 |  7- 9 || total
-------------------------+-------+-------+-------++-------
Melee: Unarmed           |     9 |       |       ||     9
 Cast: Sandblast         |    54 |    68 |    32 ||   154
       Passwall          |       |     2 |       ||     2
       Stone Arrow       |       |     4 |     6 ||    10
Evoke: Wand              |       |     1 |       ||     1
  Use: Scroll            |     3 |     2 |     3 ||     8
       Potion            |       |       |     2 ||     2
Armor: Robe              |    15 |     4 |     9 ||    28
Dodge: Dodged            |    32 |    15 |     7 ||    54
